 Dungeon Sprint DCSS version 0.30.1-4-g462c640d31 (webtiles) character file.

Game seed: 10367718257777230484

3101 Heoruswealwe the Blocker (level 9, -11/79 HPs)
             Began as a Gnoll Fighter on Aug 22, 2023.
             Was a Priest of Trog.
             Killed from afar by an oklob plant (27 damage)
             ... with a splash of acid
             ... in the Dungeon (Sprint I: "Red Sonja").
             The game lasted 00:08:05 (1034 turns).

Heoruswealwe the Blocker (Gnoll Fighter)            Turns: 1034, Time: 00:08:05

Health: -11/79     AC:  4    Str: 21    XL:     9   Next: 90%
Magic:  21/21      EV: 12    Int:  7    God:    Trog [***...]
Gold:   703        SH:  6    Dex: 11    Spells: 25/25 levels left

rFire   . . .        a - +0 war axe
rCold   . . .        c - +0 buckler
rNeg    . . .        b - +0 scale mail
rPois   .            (no helmet)
rElec   .            (no cloak)
rCorr   .            (no gloves)
SInv    .            (no boots)
Will    .....        (no amulet)
Stlth   ++           (no ring)
HPRegen 0.33/turn    (no ring)
MPRegen 0.17/turn

%: no teleportation
@: corroded
A: fangs 1, strong nose, distributed training
a: Renounce Religion, Berserk, Trog's Hand


You were in the Dungeon.
You worshipped Trog.
Trog was most pleased with you.
You visited 1 branch You collected 703 gold pieces.

Inventory:

Hand Weapons
 a - a +0 war axe (weapon)
Armour
 b - a +0 scale mail (worn)
 c - a +0 buckler (worn)
Wands
 k - a wand of digging (9)
Scrolls
 h - a scroll of fear {unknown}
 j - a scroll of blinking
Potions
 d - a potion of berserk rage
 e - a potion of curing
 f - a potion of heal wounds
 g - a potion of invisibility {unknown}


   Skills:
 + Level 10.7 Fighting
 + Level 8.5 Short Blades
 + Level 8.5 Long Blades
 + Level 9.7 Axes
 + Level 8.5 Maces & Flails
 + Level 8.5 Polearms
 + Level 8.5 Staves
 + Level 8.5 Ranged Weapons
 + Level 8.5 Throwing
 + Level 10.7 Armour
 + Level 8.5 Dodging
 + Level 8.5 Stealth
 + Level 10.7 Shields
 + Level 8.5 Unarmed Combat
 + Level 8.5 Spellcasting
 + Level 7.1 Conjurations
 + Level 7.1 Hexes
 + Level 7.1 Summonings
 + Level 7.1 Necromancy
 + Level 7.1 Translocations
 + Level 7.1 Transmutations
 + Level 7.1 Fire Magic
 + Level 7.1 Ice Magic
 + Level 7.1 Air Magic
 + Level 7.1 Earth Magic
 + Level 7.1 Poison Magic
 + Level 9.3 Invocations
 + Level 8.5 Evocations


You had 25 spell levels left.
You didn't know any spells.
Your spell library was empty.

Dungeon Overview and Level Annotations

Branches:
Dungeon (1/1)

Altars:
Cheibriados
Dithmenos
Elyvilon
Fedhas
Gozag
Hepliaklqana
Kikubaaqudgha
Makhleb
Nemelex Xobeh
Okawaru
Qazlal
Ru
Sif Muna
Trog
Uskayaw
Vehumet
Wu Jian
Xom
Yredelemnul
Zin
The Shining One
Jiyva
Lugonu

Shops:
D [[

Annotations:
D exclusion: oklob plant


Innate Abilities, Weirdness & Mutations

You have very sharp teeth.
Your uncanny sense of smell can sniff out nearby items.
Your experience applies equally to all skills.


Message History

You now have 676 gold pieces (gained 27).
You now have 703 gold pieces (gained 27).
You start resting.
HP restored.
You open the door.
An oklob plant comes into view.
Marking area around an oklob plant as unsafe for travelling.
There is an open door here.
The helpless oklob plant fails to defend itself.
You hit the oklob plant.
The oklob plant is lightly damaged.
You hit the oklob plant.
The oklob plant is lightly damaged.
You hit the oklob plant but do no damage.
You bite the oklob plant, but do no damage.
The oklob plant is lightly damaged.
You hit the oklob plant but do no damage.
The oklob plant is lightly damaged.
You hit the oklob plant.
The oklob plant is lightly damaged.
The oklob plant spits acid at you. The splash of acid hits you!
The acid corrodes you!
You hit the oklob plant but do no damage.
The oklob plant is lightly damaged.
You hit the oklob plant.
The oklob plant is lightly damaged.
The oklob plant spits acid at you. The splash of acid hits you!!
You slash the oklob plant!
The oklob plant is moderately damaged.
You slash the oklob plant!
The oklob plant is heavily damaged.
The oklob plant spits acid at you. The splash of acid hits you!!
* * * LOW HITPOINT WARNING * * *
You slash the oklob plant!
The oklob plant is severely damaged.
The oklob plant spits acid at you. The splash of acid hits you!!
You die...

###################
..#..'..#__#..')..#∆∆
∆ ..').#..'..'..#)..#
∆ #'#####'#__####...+
∆ ..#...#(####§.#####
∆ ###..##(#~§§§§#..#
__##'#_.+§~§§§+..#
...'..._#~§§§)#..#
__##_.#'##+#####@#
__###+#.#(.!)###P+∆
### ####[###.###∆ ∆
∆+.....'.∩# ∆
∆########## ∆ ∆ ∆ ∆ ∆
∆ ∆ ∆ ∆∆∆∆∆ ∆∆ ∆
∆∆∆∆∆


You could see an oklob plant.

Vanquished Creatures
  2 centaur warriors (D)
  A deep troll (D)
  2 kobold demonologists (D)
  A hornet (D)
  A slime creature (D)
  Sigmund (D)
  A yak (D)
  A floating eye (D)
  An ogre (D)
  A jelly (D)
  Ijyb (D)
13 creatures vanquished.

Notes
Turn   | Place    | Note
-------+----------+-------------------------------------------
     0 | D        | Heoruswealwe the Gnoll Fighter began the quest for the Orb.
     0 | D        | Reached XP level 1. HP: 23/23 MP: 1/1
     1 | D        | Noticed Ijyb
    23 | D        | Killed Ijyb
    24 | D        | Reached skill level 1 in Short Blades
    24 | D        | Reached skill level 1 in Long Blades
    24 | D        | Reached skill level 1 in Maces & Flails
    24 | D        | Reached skill level 1 in Polearms
    24 | D        | Reached skill level 1 in Staves
    24 | D        | Reached skill level 1 in Ranged Weapons
    24 | D        | Reached skill level 1 in Throwing
    24 | D        | Reached skill level 1 in Dodging
    24 | D        | Reached skill level 1 in Stealth
    24 | D        | Reached skill level 1 in Unarmed Combat
    24 | D        | Reached skill level 1 in Spellcasting
    24 | D        | Reached skill level 1 in Conjurations
    24 | D        | Reached skill level 1 in Hexes
    24 | D        | Reached skill level 1 in Summonings
    24 | D        | Reached skill level 1 in Necromancy
    24 | D        | Reached skill level 1 in Translocations
    24 | D        | Reached skill level 1 in Transmutations
    24 | D        | Reached skill level 1 in Fire Magic
    24 | D        | Reached skill level 1 in Ice Magic
    24 | D        | Reached skill level 1 in Air Magic
    24 | D        | Reached skill level 1 in Earth Magic
    24 | D        | Reached skill level 1 in Poison Magic
    24 | D        | Reached skill level 1 in Evocations
    24 | D        | Reached XP level 2. HP: 18/29 MP: 1/4
    24 | D        | Reached XP level 3. HP: 22/35 MP: 1/5
    92 | D        | Noticed an ogre
    97 | D        | Killed an ogre
    98 | D        | Reached skill level 5 in Axes
    98 | D        | Reached XP level 4. HP: 43/43 MP: 5/8
   154 | D        | Noticed Sigmund
   170 | D        | Killed Sigmund
   171 | D        | Reached XP level 5. HP: 15/49 MP: 8/11
   171 | D        | Reached XP level 6. HP: 17/56 MP: 8/12
   314 | D        | Found an ornate altar of the Wu Jian Council.
   314 | D        | Found a shimmering blue altar of Sif Muna.
   316 | D        | Found a radiant altar of Vehumet.
   321 | D        | Reached skill level 5 in Invocations
   344 | D        | Found Kis Kipa's Antique Armour Emporium.
   344 | D        | Found an ancient bone altar of Kikubaaqudgha.
   344 | D        | Found a hazy altar of Hepliaklqana.
   344 | D        | Found a stormy altar of Qazlal.
   344 | D        | Found a hide-covered altar of Uskayaw.
   344 | D        | Found a blossoming altar of Fedhas.
   344 | D        | Found a bloodstained altar of Trog.
   344 | D        | Found an iron altar of Okawaru.
   344 | D        | Found a basalt altar of Yredelemnul.
   344 | D        | Found a glowing golden altar of the Shining One.
   344 | D        | Found a snail-covered altar of Cheibriados.
   344 | D        | Found a sacrificial altar of Ru.
   344 | D        | Found a glowing silver altar of Zin.
   344 | D        | Found a shadowy altar of Dithmenos.
   344 | D        | Found a white marble altar of Elyvilon.
   344 | D        | Noticed a yak
   359 | D        | Killed a yak
   360 | D        | Reached skill level 5 in Short Blades
   360 | D        | Reached skill level 5 in Long Blades
   360 | D        | Reached skill level 5 in Maces & Flails
   360 | D        | Reached skill level 5 in Polearms
   360 | D        | Reached skill level 5 in Staves
   360 | D        | Reached skill level 5 in Ranged Weapons
   360 | D        | Reached skill level 5 in Throwing
   360 | D        | Reached skill level 5 in Dodging
   360 | D        | Reached skill level 5 in Stealth
   360 | D        | Reached skill level 5 in Unarmed Combat
   360 | D        | Reached skill level 5 in Spellcasting
   360 | D        | Reached skill level 5 in Evocations
   360 | D        | Found an opulent altar of Gozag.
   512 | D        | Found a sparkling altar of Nemelex Xobeh.
   516 | D        | Became a worshipper of Trog the Wrathful
   528 | D        | Found a viscous altar of Jiyva.
   528 | D        | Found a corrupted altar of Lugonu.
   528 | D        | Noticed a slime creature
   529 | D        | Found a burning altar of Makhleb.
   529 | D        | Found a shimmering altar of Xom.
   541 | D        | Killed a slime creature
   542 | D        | Reached XP level 7. HP: 25/63 MP: 13/15
   681 | D        | Noticed a kobold demonologist
   681 | D        | Noticed a kobold demonologist
   689 | D        | Noticed a ynoxinul
   691 | D        | Killed a kobold demonologist
   691 | D        | Reached * piety under Trog
   692 | D        | Reached skill level 5 in Conjurations
   692 | D        | Reached skill level 5 in Hexes
   692 | D        | Reached skill level 5 in Summonings
   692 | D        | Reached skill level 5 in Necromancy
   692 | D        | Reached skill level 5 in Translocations
   692 | D        | Reached skill level 5 in Transmutations
   692 | D        | Reached skill level 5 in Fire Magic
   692 | D        | Reached skill level 5 in Ice Magic
   692 | D        | Reached skill level 5 in Air Magic
   692 | D        | Reached skill level 5 in Earth Magic
   692 | D        | Reached skill level 5 in Poison Magic
   692 | D        | Reached XP level 8. HP: 68/71 MP: 15/17
   692 | D        | Killed a kobold demonologist
   692 | D        | Reached ** piety under Trog
   706 | D        | Noticed a centaur warrior
   708 | D        | Noticed a centaur warrior
   717 | D        | Killed a centaur warrior
   718 | D        | Reached skill level 10 in Fighting
   718 | D        | Reached skill level 10 in Armour
   718 | D        | Reached skill level 10 in Shields
   718 | D        | Reached XP level 9. HP: 29/78 MP: 18/20
   718 | D        | Killed a centaur warrior
   873 | D        | Noticed a deep troll
   879 | D        | Killed a deep troll
   879 | D        | Reached *** piety under Trog
   893 | D        | Found Zept's Armour Emporium.
   973 | D        | Noticed a hornet
   982 | D        | Killed a hornet
  1023 | D        | Noticed an oklob plant
  1034 | D        | Killed from afar by an oklob plant

Illustrated notes

Levels and vault maps discovered:
D:        dungeon_sprint_1 [red_sonja_temple_1, red_sonja_temple_small_1]

Skill      XL: |  1  2  3  4  5  6  7  8  9 |
---------------+----------------------------+-----
Short Blades   | 1 3 4 5 6 7 8 |  8.5
Long Blades    | 1 3 4 5 6 7 8 |  8.5
Maces & Flails | 1 3 4 5 6 7 8 |  8.5
Polearms       | 1 3 4 5 6 7 8 |  8.5
Staves         | 1 3 4 5 6 7 8 |  8.5
Ranged Weapons | 1 3 4 5 6 7 8 |  8.5
Throwing       | 1 3 4 5 6 7 8 |  8.5
Dodging        | 1 3 4 5 6 7 8 |  8.5
Stealth        | 1 3 4 5 6 7 8 |  8.5
Unarmed Combat | 1 3 4 5 6 7 8 |  8.5
Spellcasting   | 1 3 4 5 6 7 8 |  8.5
Conjurations   | 1 2 3 4 5 6 7 |  7.1
Hexes          | 1 2 3 4 5 6 7 |  7.1
Summonings     | 1 2 3 4 5 6 7 |  7.1
Necromancy     | 1 2 3 4 5 6 7 |  7.1
Translocations | 1 2 3 4 5 6 7 |  7.1
Transmutations | 1 2 3 4 5 6 7 |  7.1
Fire Magic     | 1 2 3 4 5 6 7 |  7.1
Ice Magic      | 1 2 3 4 5 6 7 |  7.1
Air Magic      | 1 2 3 4 5 6 7 |  7.1
Earth Magic    | 1 2 3 4 5 6 7 |  7.1
Poison Magic   | 1 2 3 4 5 6 7 |  7.1
Invocations    | 2 3 4 6 7 8 9 |  9.3
Evocations     | 1 3 4 5 6 7 8 |  8.5
Fighting       | 7 8 9 10 | 10.7
Axes           | 5 6 7 8 9 |  9.7
Armour         | 7 8 9 10 | 10.7
Shields        | 7 8 9 10 | 10.7

Action                     |  1- 3 |  4- 6 |  7- 9 || total
---------------------------+-------+-------+-------++-------
  Melee: War axe           |    25 |    44 |    40 ||   109
         Bite              |     2 |     8 |     8 ||    18
  Evoke: Wand              |     1 |       |       ||     1
    Use: Potion            |     1 |       |     3 ||     4
   Stab: Sleeping          |       |       |     1 ||     1
 Armour: Scale mail        |    16 |     4 |    22 ||    42
  Dodge: Dodged            |    12 |    14 |    15 ||    41
  Block: Buckler           |     3 |     3 |    15 ||    21
